 Dungeon Crawl Stone Soup version 0.25.1-9-gc5326a611f (webtiles) character file.

Game seed: 14221901686213757261

3151 theanonym the Cleaver (level 9, -4/85 HPs)
             Began as a Deep Dwarf Gladiator on Sept 2, 2021.
             Was a Believer of Zin.
             Slain by a two-headed ogre
             ... wielding a +0 giant club
              (8 damage)
             ... on level 7 of the Dungeon.
             The game lasted 00:12:03 (6340 turns).

theanonym the Cleaver (Deep Dwarf Gladiator)        Turns: 6340, Time: 00:12:04

Health: -4/85      AC: 14    Str: 21    XL:     9   Next: 62%
Magic:  7/7        EV:  7    Int:  9    God:    Zin [**....]
Gold:   345        SH:  0    Dex: 14    Spells: 8/8 levels left

rFire    . . .     SeeInvis .   a - +3 battleaxe (curse)
rCold    . . .     Gourm    .   (shield currently unavailable)
rNeg     . . .     Faith    .   m - +0 plate armour
rPois    .         Spirit   .   o - +1 helmet
rElec    .         Reflect  .   (no cloak)
rCorr    .         Harm     .   (no gloves)
MR       ++...                  (no boots)
Stlth    ..........             (no amulet)
HPRegen  0.00/turn              c - ring of protection from magic
MPRegen  0.10/turn              (no ring)

@: non-regenerating, lightly drained
A: damage resistance, heal wounds, sense surroundings 2, no regeneration
a: Heal Wounds, Recite, Vitalisation, Donate Gold, Renounce Religion


Innate Abilities, Weirdness & Mutations

You are resistant to damage.
You can heal yourself by infusing magical energy.
You passively map the area around you.
You do not regenerate.


   Skills:
 + Level 6.7(6.4) Fighting
 * Level 11.3(11.0) Axes
 - Level 1.7(1.5) Throwing
 + Level 5.7(5.5) Armour
 - Level 3.2(3.0) Dodging
 + Level 2.5(2.3) Invocations


You had 8 spell levels left.
You didn't know any spells.
Your spell library was empty.

Skill      XL: |  1  2  3  4  5  6  7  8  9 |
---------------+----------------------------+-----
Fighting       | 2 3 4 5 6 |  6.7
Axes           | 4 5 6 7 8 10 11 | 11.3
Armour         | 2 4 5 |  5.7
Invocations    | 2 |  2.5
Throwing       | |  1.7
Dodging        | |  3.2

Action                   |  1- 3 |  4- 6 |  7- 9 || total
-------------------------+-------+-------+-------++-------
Melee: War axe           |    63 |   164 |   209 ||   436
       Battleaxe         |       |       |   183 ||   183
Throw: Throwing net      |       |       |     5 ||     5
 Abil: Heal Wounds       |     1 |     5 |     9 ||    15
Evoke: Wand              |       |     2 |     6 ||     8
  Use: Scroll            |     1 |     1 |     7 ||     9
       Potion            |       |       |     1 ||     1
 Stab: Sleeping          |     1 |       |       ||     1
       Confused          |       |     1 |       ||     1
       Held in net/web   |       |       |     5 ||     5
  Eat: Chunk             |       |     6 |    11 ||    17
       Ration            |       |       |     1 ||     1
Armor: Leather armour    |    15 |       |       ||    15
       Scale mail        |     6 |     8 |       ||    14
       Chain mail        |       |    80 |    97 ||   177
       Plate armour      |       |       |   124 ||   124
Dodge: Dodged            |    59 |    71 |   143 ||   273

Inventory:

Hand Weapons
 a - a cursed +3 battleaxe (weapon)
Armour
 m - a +0 plate armour (worn)
 o - a +1 helmet (worn)
Jewellery
 c - a ring of protection from magic (left hand)
Wands
 d - a wand of digging (10)
 p - a wand of disintegration (14)
 v - a wand of acid (18)
Scrolls
 f - a scroll of fog
 j - a scroll of random uselessness {unknown}
 n - 4 scrolls of remove curse
 r - a scroll of identify
 t - 4 scrolls of teleportation
 B - a scroll of blinking
Potions
 b - 3 potions of mutation {unknown}
 g - 5 potions of flight {unknown}
 h - 3 potions of haste {unknown}
 k - 3 potions of stabbing {unknown}
 l - a potion of magic {unknown}
 q - 4 potions of heal wounds {unknown}
 w - 6 potions of curing
 x - a potion of lignification {unknown}
 z - 3 potions of might {unknown}
Comestibles
 e - 15 rations


You were on level 7 of the Dungeon.
You worshipped Zin.
Zin was pleased with you.
You were not hungry.

You visited 2 branches of the dungeon, and saw 9 of its levels.
You also visited: Sewer.

You collected 383 gold pieces.
You donated 38 gold pieces to Zin.

Dungeon Overview and Level Annotations

Branches:
Dungeon (8/15)             Temple (1/1) D:7           Sewer (visited)
   Lair: D:8-11

Altars:
Ashenzari
Cheibriados
Elyvilon
Fedhas
Kikubaaqudgha
Makhleb
Nemelex Xobeh
Qazlal
Uskayaw
Vehumet
Wu Jian
Xom
Yredelemnul
Zin
The Shining One

Shops:
D:5 }   D:6 =

Annotations:
D:5 2 transporters, KrasnyyBoyets's ghost, amateur BaIE

.#####...##.# #.# #.#
#..# .## ##.###.##
#.# #.# #..### ..#
#.##...####.#
#.#####....# ..#
#...........#
#........... #.##
####...######
#########..# ...##
#....###### #..#
###.####.#.......####
#..#
.................O..#
#..#
....^...#.######@##.#
#..# ...^_^.##.#
#.##.# #..#
...^^^....# #.##.#
#..# .......####
#.##.##########..#
)........#
#.##.>...........#
..(†.###.#
#..........#.##.##
....## #.#
###########.###..#
....# #[# ###.# ##.#
..#.# #.# #...# #.#


You could see a two-headed ogre.

Notes
Turn   | Place    | Note
-------+----------+-------------------------------------------
     0 | D:1      | theanonym the Deep Dwarf Gladiator began the quest for the
                  | Orb.
     0 | D:1      | Reached XP level 1. HP: 19/19 MP: 1/1
    40 | D:1      | Reached skill level 2 in Fighting
    44 | D:1      | Reached XP level 2. HP: 20/26 MP: 2/2
   157 | D:1      | Reached skill level 4 in Axes
   758 | D:2      | You fall into a shaft and drop 2 floors!
   771 | D:4      | HP: 6/26 [orc wizard/puff of flame (10)]
   775 | D:4      | Reached XP level 3. HP: 28/33 MP: 3/3
   802 | D:4      | Reached skill level 5 in Axes
   802 | D:4      | Reached XP level 4. HP: 23/40 MP: 4/4
   844 | D:4      | HP: 16/40 [orc wizard/magic dart (5)]
   856 | D:4      | Reached skill level 3 in Fighting
  1043 | D:4      | Reached XP level 5. HP: 29/49 MP: 5/5
  1236 | D:2      | Reached skill level 6 in Axes
  1275 | D:2      | HP: 24/49 [frilled lizard (1)]
  1300 | D:2      | Noticed Jessica
  1303 | D:2      | Killed Jessica
  1379 | D:2      | HP: 23/49 [gnoll/+0 club (1)]
  1392 | D:2      | HP: 18/49 [gnoll/cursed -3 club (2)]
  1397 | D:2      | Reached XP level 6. HP: 21/56 MP: 6/6
  2044 | D:3      | HP: 28/56 [bullfrog (5)]
  2243 | D:3      | HP: 27/57 [hound skeleton (1)]
  2252 | D:3      | Found a sparkling altar of Nemelex Xobeh.
  2544 | D:4      | HP: 26/57 [adder skeleton (1)]
  2927 | D:4      | HP: 15/57 [orc priest/divine providence (11)]
  2935 | D:4      | HP: 24/57 [orc priest/divine providence (13)]
  2956 | D:4      | Reached skill level 7 in Axes
  2960 | D:4      | Reached skill level 4 in Fighting
  2964 | D:4      | HP: 23/57 [ogre/+0 giant club (9)]
  2978 | D:4      | Reached XP level 7. HP: 56/64 MP: 5/5
  3140 | D:5      | Entered Level 5 of the Dungeon
  3226 | D:5      | Found Xavubb's Gadget Emporium.
  3670 | D:5      | Noticed Ijyb
  3704 | D:5      | Killed Ijyb
  3704 | D:5      | Reached skill level 8 in Axes
  3900 | D:5      | Found a transporter.
  3901 | D:5      | Noticed KrasnyyBoyets's ghost (amateur BaIE)
  3902 | D:5      | Found a transporter.
  3904 | D:5      | Identified the +2 dire flail "Yvunt" {drain, rN+ MR++
                  | Int+3}
  4022 | D:6      | Reached skill level 1 in Armour
  4072 | D:6      | Reached skill level 2 in Armour
  4170 | D:6      | Found a glowing drain.
  4189 | Sewer    | Entered a sewer
  4192 | Sewer    | Noticed Purgy
  4195 | Sewer    | HP: 32/66 [Purgy (2)]
  4196 | Sewer    | Killed Purgy
  4196 | Sewer    | Reached skill level 5 in Fighting
  4196 | Sewer    | Reached XP level 8. HP: 35/74 MP: 6/6
  4418 | D:6      | Reached skill level 9 in Axes
  4445 | D:6      | Reached skill level 3 in Armour
  4496 | D:6      | HP: 32/74 [orc warrior/+0 battleaxe (10)]
  4671 | D:6      | Found an ancient bone altar of Kikubaaqudgha.
  4706 | D:6      | Found an ornate altar of the Wu Jian Council.
  4824 | D:6      | HP: 37/76 [ice beast (3)]
  4827 | D:6      | Reached skill level 4 in Armour
  4868 | D:6      | Reached skill level 10 in Axes
  4944 | D:6      | Found Tasim's Jewellery Shop.
  5053 | D:7      | Found a shimmering altar of Xom.
  5067 | D:7      | HP: 36/76 [water moccasin (4)]
  5069 | D:7      | Reached skill level 6 in Fighting
  5069 | D:7      | Gained mutation: You passively map the area around you.
                  | [Deep Dwarf growth]
  5069 | D:7      | Reached XP level 9. HP: 27/82 MP: 7/7
  5097 | D:7      | HP: 40/82 [poisoned by an orc wizard]
  5102 | D:7      | HP: 26/82 [poisoned by an orc wizard]
  5107 | D:7      | HP: 14/82 [poisoned by an orc wizard]
  5172 | D:7      | Reached skill level 5 in Armour
  5410 | D:7      | Found a staircase to the Ecumenical Temple.
  5419 | Temple   | Entered the Ecumenical Temple
  5650 | Temple   | Became a worshipper of Zin the Law-Giver
  5650 | Temple   | Reached * piety under Zin
  5765 | D:7      | Reached ** piety under Zin
  5788 | D:7      | Reached skill level 1 in Invocations
  5794 | D:7      | Reached skill level 11 in Axes
  5819 | D:7      | HP: 41/85 [killer bee (5)]
  5825 | D:7      | HP: 40/85 [adder (1)]
  5831 | D:7      | HP: 36/85 [orc wizard/puff of frost (4)]
  5845 | D:7      | HP: 34/85 [bullfrog zombie (2)]
  5846 | D:7      | Reached skill level 2 in Invocations
  6235 | D:8      | HP: 38/85 [ogre/+0 giant club (8)]
  6239 | D:8      | HP: 18/85 [iguana (4)]
  6289 | D:8      | Noticed a two-headed ogre
  6293 | D:8      | HP: 26/85 [two-headed ogre/+0 giant club (12)]
  6301 | D:8      | HP: 18/85 [two-headed ogre/+0 giant club (8)]
  6307 | D:7      | HP: 26/85 [two-headed ogre/+0 giant club (14)]
  6310 | D:7      | HP: 4/85 [two-headed ogre/+0 giant club (19)]
  6340 | D:7      | Slain by a two-headed ogre

Vanquished Creatures
  A water moccasin (D:7)
  A sky beast (D:7)
  An orc warrior (D:6)
  Purgy (Sewer)
  A phantom (D:7)
  5 ogres
  An ice beast (D:6)
  A slave (D:4)
  2 centaurs (D:6)
  6 bullfrogs
  4 scorpions
  3 killer bees (D:7)
  5 wights
  3 howler monkeys
  A crimson imp (D:6)
  4 jellies
  A bullfrog zombie (D:7)
  A bullfrog skeleton (D:4)
  2 centaur skeletons
  2 hounds
  2 orc priests (D:4)
  6 orc wizards
  Jessica (D:2)
  2 iguanas (D:6)
  Ijyb (D:5)
  2 worker ants
  A hound skeleton (D:3)
  4 gnolls (D:2)
  2 worker ant zombies
  8 adders
  A howler monkey skeleton (D:2)
  A river rat (D:6)
  2 shadow imps (D:6)
  3 adder zombies
  3 adder skeletons
  2 worms
  2 dart slugs
  4 leopard geckos
  24 orcs
  4 giant cockroaches
  5 goblins
  3 hobgoblins
  4 jackals (D:1)
  3 quokkas
  A ball python (D:5)
  4 bats
  5 frilled lizards
  8 kobolds
  2 leopard gecko skeletons (D:6)
  A quokka skeleton (D:4)
  A quokka zombie (D:5)
  8 rats
166 creatures vanquished.

Table legend:
 A = Turns spent in this place as a percentage of turns spent in the entire game.
 B = Non-inter-level travel turns spent in this place as a percentage of non-inter-level travel turns spent in the entire game.
 C = Inter-level travel turns spent in this place as a percentage of turns spent in this place.
 D = Turns resting spent in this place as a percentage of non-inter-level travel turns spent in this place.
 E = Turns spent auto-exploring this place as a percentage of non-inter-level travel turns spent in this place.
 F = Non-inter-level travel turns spent in this place divided by the number of levels of this place that you've seen.
                   A       B       C       D       E      F
               +-------+-------+-------+-------+-------+----------------------
         Total | 100.0 | 100.0 |   8.1 |   0.0 |  76.4 | 582.5
       Dungeon |  93.8 |  94.0 |   8.0 |   0.0 |  75.7 | 684.4
        Temple |   4.0 |   3.7 |  15.7 |   0.0 |  97.7 | 215.0
         Sewer |   2.1 |   2.3 |   0.0 |   0.0 |  70.4 | 135.0
               +-------+-------+-------+-------+-------+----------------------
